 Dungeon Crawl Stone Soup version 0.28.0 (webtiles) character file.

Game seed: 3033683890419973310

2495 ragingrage the Cleaver (level 9, -1/84 HPs)
             Began as a Minotaur Berserker on Feb 6, 2022.
             Was a Priest of Trog.
             Hit by a large rock thrown by a cyclops (46 damage)
             ... on level 6 of the Dungeon.
             The game lasted 00:03:27 (5009 turns).

ragingrage the Cleaver (Minotaur Berserker)         Turns: 5009, Time: 00:03:27

Health: -1/84      AC: 13    Str: 27    XL:     9   Next: 28%
Magic:  8/8        EV:  9    Int:  4    God:    Trog [***...]
Gold:   226        SH:  0    Dex: 13    Spells: 8/8 levels left

rFire   . . .      SeeInvis .   j - +4 hand axe of Revolt {drain, +Blink rC+ rN+ Dex+4}
rCold   + . .      Faith    .   (no shield)
rNeg    + . .      Spirit   .   e - +0 chain mail
rPois   +          Reflect  .   (helmet restricted)
rElec   .          Harm     .   r - +0 cloak
rCorr   .          Rampage  .   d - +2 pair of gloves
Will    .....                   (no boots)
Stlth   ..........              (no amulet)
HPRegen 0.24/turn               t - ring of poison resistance
MPRegen 0.11/turn               (no ring)

@: no status effects
A: horns 2, retaliatory headbutt
a: Renounce Religion, Evoke Blink, Berserk, Trog's Hand


You were on level 6 of the Dungeon.
You worshipped Trog.
Trog was most pleased with you.
You visited 1 branch of the dungeon, and saw 6 of its levels.

You collected 226 gold pieces.

Inventory:

Hand Weapons
 a - a +0 hand axe
 j - the +4 hand axe of Revolt (weapon) {drain, +Blink rC+ rN+ Dex+4}
   (You found it on level 2 of the Dungeon)

   A truly terrible weapon, it drains the life of any living foe it strikes.
   Dex:       It affects your dexterity (+4).
   rC:        It protects you from cold.
   rN:        It protects you from negative energy.
   +Blink:    It lets you blink.
Missiles
 c - 2 curare-tipped darts (quivered)
 n - 7 poisoned darts
Armour
 d - a +2 pair of gloves (worn)
 e - a +0 chain mail (worn)
 r - a +0 cloak (worn)
Jewellery
 q - a ring of ice
 t - a ring of poison resistance (left hand)
Wands
 p - a wand of flame (28)
Scrolls
 g - a scroll of vulnerability {unknown}
 k - 3 scrolls of identify {unknown}
 l - 2 scrolls of blinking {unknown}
 s - a scroll of fear {unknown}
 u - a scroll of teleportation {unknown}
 v - a scroll of immolation {unknown}
 w - a scroll of silence {unknown}
Potions
 b - a potion of magic {unknown}
 f - a potion of invisibility {unknown}
 h - 4 potions of curing {unknown}
 i - 3 potions of attraction {unknown}
 m - a potion of flight {unknown}
 o - a potion of heal wounds {unknown}


   Skills:
 + Level 9.4 Fighting
 * Level 12.7 Axes
 - Level 2.4 Armour
 - Level 2.1 Dodging


You had 8 spell levels left.
You didn't know any spells.
Your spell library was empty.

Dungeon Overview and Level Annotations

Branches:
Dungeon (6/15)
 Temple: D:4-7

Altars:
Dithmenos
Gozag
Nemelex Xobeh
Trog
Wu Jian

Shops:
D:4 [


Innate Abilities, Weirdness & Mutations

You have a pair of horns on your head.
You reflexively headbutt those who attack you in melee.


Message History

The ufetubus barely misses you. x2
You barely miss the ufetubus.
The ufetubus is heavily wounded.
Your skin stops crawling.
You feel less strong-willed.
The ufetubus hits you but does no damage. x2
You hit the ufetubus.
You kill the ufetubus!
Trog accepts your kill.
You slash the orc!
You kill the orc!
Trog accepts your kill.
You slash the necrophage! You headbutt the necrophage.
The necrophage is moderately damaged.
The necrophage hits you but does no damage.
You slash the necrophage!
The necrophage is severely damaged.
You barely miss the necrophage.
The necrophage is severely damaged.
The necrophage hits you but does no damage.
The gnoll shaman calls upon its god to speed up the gnoll.
The gnoll seems to speed up.
You slice the necrophage!!
You destroy the necrophage!
Trog accepts your kill.
You hit the hornet zombie but do no damage.
The hornet zombie is heavily damaged.
The hornet zombie hits you!
You hit the hornet zombie.
The hornet zombie is severely damaged.
The hornet zombie hits you!
You hit the hornet zombie.
The hornet zombie is severely damaged.
You hit the white imp.
The white imp is moderately wounded.
You slash the white imp!
You kill the white imp!
Trog accepts your kill.
The cyclops throws a large rock.
The large rock hits you!!!
Ouch! That really hurt!
You die...

.# #.. .# ## .#.# ... ..
#.. #.#.# #.. .# #.#
.#.#.#.#.#..#######..#.#
#.#.#.#.#.#.#.#.#.#.#.#
#.#.#.#.#Z.#^^^^^#...
#.#.#.#.#g#########.#.#
#.....#Zg)@†...'(#..#
#.....gC#########...#
### ##....##.#^^^^^#...
#.#
...#........#.#.#.#....#
#.#.....#..#######......
#....)..##.... .#.####
###.#########... ##.#
#######.# ... .#
.#......### .#


You could see a cyclops, a gnoll shaman, 2 gnolls, a killer bee zombie and a
hornet zombie.

Vanquished Creatures
  Sigmund (D:6)
  3 yaks (D:6)
  An orc warrior (D:4)
  A sky beast (D:5)
  2 necrophages
  3 ogres
  A phantom (D:5)
  A kobold brigand (D:6)
  A bullfrog (D:6)
  A scorpion (D:4)
  3 killer bees (D:5)
  5 wights (D:4)
  A centaur skeleton (D:4)
  5 hounds
  A jelly (D:4)
  4 orc priests
  3 iguanas (D:5)
  4 orc wizards (D:5)
  4 gnolls (D:4)
  5 adders
  A howler monkey skeleton (D:5)
  A white imp (D:6)
  2 ufetubi
  2 adder skeletons (D:4)
  A worm (D:3)
  2 dart slugs
  16 orcs
  5 bats
  2 endoplasms
  3 giant cockroaches
  3 goblins
  6 hobgoblins
  6 kobolds
  4 quokkas
  8 ball pythons
  2 frilled lizards (D:1)
  7 rats
121 creatures vanquished.

Notes
Turn   | Place    | Note
-------+----------+-------------------------------------------
     0 | D:1      | ragingrage the Minotaur Berserker began the quest for the
                  | Orb.
     0 | D:1      | Reached XP level 1. HP: 19/19 MP: 0/0
   191 | D:1      | Reached skill level 4 in Axes
   290 | D:1      | Reached XP level 2. HP: 27/27 MP: 1/1
   325 | D:1      | Found a faded altar of an unknown god.
  1499 | D:2      | Identified the +4 hand axe of Revolt {drain, +Blink rC+ rN+
                  | Dex+4}
  1852 | D:2      | Reached XP level 3. HP: 30/33 MP: 2/2
  2008 | D:2      | Found an opulent altar of Gozag.
  2161 | D:3      | Found an opulent altar of Gozag.
  2172 | D:3      | Reached skill level 5 in Axes
  2260 | D:3      | Reached ** piety under Trog
  2321 | D:3      | Noticed a necrophage
  2332 | D:3      | Killed a necrophage
  2333 | D:3      | Reached skill level 6 in Axes
  2333 | D:3      | Reached XP level 4. HP: 33/41 MP: 3/3
  2333 | D:3      | Reached XP level 5. HP: 38/47 MP: 4/4
  2480 | D:3      | Reached skill level 5 in Fighting
  2547 | D:3      | Noticed a moth of wrath
  2551 | D:3      | Found a bloodstained altar of Trog.
  2565 | D:3      | Identified the +2 hunting sling of Hospitality {venom,
                  | *Slow rCorr Int+4}
  2637 | D:4      | Reached skill level 7 in Axes
  2637 | D:4      | Reached XP level 6. HP: 56/56 MP: 5/5
  2765 | D:4      | Reached skill level 8 in Axes
  2942 | D:4      | Noticed an orc warrior
  2945 | D:4      | Reached XP level 7. HP: 57/64 MP: 6/6
  3180 | D:4      | Reached skill level 9 in Axes
  3296 | D:4      | Found a sparkling altar of Nemelex Xobeh.
  3321 | D:4      | Found Ymumy's Armour Boutique.
  3571 | D:5      | Entered Level 5 of the Dungeon
  3600 | D:5      | Reached *** piety under Trog
  3656 | D:5      | Reached XP level 8. HP: 59/73 MP: 7/7
  3797 | D:5      | Reached skill level 10 in Axes
  3898 | D:5      | Found a shadowy altar of Dithmenos.
  4481 | D:5      | Reached skill level 11 in Axes
  4576 | D:5      | Found an ornate altar of the Wu Jian Council.
  4871 | D:6      | Noticed Sigmund
  4876 | D:6      | Killed Sigmund
  4939 | D:6      | Noticed a cyclops
  4967 | D:6      | Reached skill level 12 in Axes
  4967 | D:6      | Reached XP level 9. HP: 56/83 MP: 8/8
  5009 | D:6      | Hit by a large rock thrown by a cyclops

Illustrated notes

Levels and vault maps discovered:
D:1:      pf_arrival_petrified_forest, layout_loops_ring,
          serial_co_window_serial, co_window_paths_a, co_window_corner_a,
          co_window_paths_a, co_window_paths_a, co_window_cross_1,
          co_window_paths_a, co_window_paths_a, co_window_of_opportunity_a,
          co_window_of_opportunity_a, co_window_broadway_b,
          co_window_broadway_a, co_window_paths_c, co_window_paths_d,
          co_window_4corner_b, shapermc_ecumenical_altar_totnotflames
D:2:      layout_basic, basic_altar, serial_bayou_pond_e
D:3:      layout_rooms, nicolae_gozag_cash_rules_everything_around_me, tgw_trog
D:4:      layout_loops_ring, nemelex_xobeh_ov_fountains_minmay,
          nicolae_overflow_hidden_temple, serial_shops, shop,
          cheibrodos_gnoll_hut
D:5:      layout_basic, mainiacjoe_overflow_24_doors, lemuel_crystal_altar
D:6:      layout_basic, minmay_temple_entry_ruins, grunt_tough_drop,
          uniq_sigmund

Skill      XL: |  1  2  3  4  5  6  7  8 |
---------------+-------------------------+-----
Axes           | 4 6 7 8 9 12 | 12.7
Fighting       | 4 5 6 7 9 |  9.4
Armour         | |  2.4
Dodging        | |  2.1

Action                   |  1- 3 |  4- 6 |  7- 9 || total
-------------------------+-------+-------+-------++-------
Melee: Hand axe          |    41 |    57 |   162 ||   260
       Dagger            |    32 |       |       ||    32
       Headbutt          |     3 |     4 |    30 ||    37
       Punch             |       |       |     2 ||     2
Invok: Berserk           |       |     3 |     5 ||     8
       Trog's Hand       |       |       |     1 ||     1
Armor: Animal skin       |     5 |       |       ||     5
       Chain mail        |    33 |    26 |    58 ||   117
Dodge: Dodged            |    31 |    21 |    44 ||    96
